 Dungeon Crawl Stone Soup version 0.28-a0-1130-gc51a68064b (webtiles) character file.

Game seed: 8504674013025619166

0 Redcow54321 the Covert (level 1, -1/23 HPs)
             Began as a Gnoll Delver on Dec 13, 2021.
             Slain by an orc wizard (2 damage)
             ... on level 5 of the Dungeon.
             The game lasted 00:00:27 (94 turns).

Redcow54321 the Covert (Gnoll Delver)                 Turns: 94, Time: 00:00:28

Health: -1/23      AC:  3    Str: 11    XL:     1   Next: 0%
Magic:  1/1        EV: 13    Int:  9    God:
Gold:   0          SH:  0    Dex: 13    Spells: 0/0 levels left

rFire   . . .      SeeInvis .   a - +0 falchion
rCold   . . .      Faith    .   (no shield)
rNeg    . . .      Spirit   .   b - +0 leather armour
rPois   .          Reflect  .   (no helmet)
rElec   .          Harm     .   (no cloak)
rCorr   .          Rampage  .   (no gloves)
Will    .....                   (no boots)
Stlth   ++++......              (no amulet)
HPRegen 0.07/turn               (no ring)
MPRegen 0.07/turn               (no ring)

@: no status effects
A: fangs 1, strong nose, distributed training
a: no special abilities


You were on level 5 of the Dungeon.
You visited 1 branch of the dungeon, and saw 1 of its levels.

Inventory:

Hand Weapons
 a - a +0 falchion (weapon)
Armour
 b - a +0 leather armour (worn)
Wands
 g - a wand of digging (3)
 h - a wand of mindburst (14)
Scrolls
 c - a scroll of fog
 d - a scroll of magic mapping
 e - a scroll of fear
 i - a scroll of noise {unknown}
Potions
 f - a potion of haste


   Skills:
 + Level 6.4 Fighting
 + Level 0.0 Short Blades
 + Level 4.4 Long Blades
 + Level 0.0 Axes
 + Level 0.0 Maces & Flails
 + Level 0.0 Polearms
 + Level 0.0 Staves
 + Level 0.0 Slings
 + Level 0.0 Bows
 + Level 0.0 Crossbows
 + Level 0.0 Throwing
 + Level 0.0 Armour
 + Level 4.4 Dodging
 + Level 9.5 Stealth
 + Level 0.0 Shields
 + Level 0.0 Unarmed Combat
 + Level 0.0 Spellcasting
 + Level 0.0 Conjurations
 + Level 0.0 Hexes
 + Level 0.0 Summonings
 + Level 0.0 Necromancy
 + Level 0.0 Translocations
 + Level 0.0 Transmutations
 + Level 0.0 Fire Magic
 + Level 0.0 Ice Magic
 + Level 0.0 Air Magic
 + Level 0.0 Earth Magic
 + Level 0.0 Poison Magic
 + Level 0.0 Invocations
 + Level 0.0 Evocations


You couldn't memorise any spells.
You didn't know any spells.
Your spell library was empty.

Dungeon Overview and Level Annotations

Branches:
Dungeon (5/15)
 Temple: D:4-7

Altars:


Innate Abilities, Weirdness & Mutations

You have very sharp teeth.
Your uncanny sense of smell can sniff out nearby items.
Your experience applies equally to all skills.


Message History

An orc comes into view. It is wielding a +0 short sword.
The orc moves out of view.
You bump into the rock wall.
The orc wizard shouts!
You hear a shout! x2
The orc wizard hits you with a +1 dagger of electrocution.
The orc priest shouts!
You hit the orc wizard.
The orc wizard is lightly wounded.
You hear a shout! x2
The orc wizard completely misses you.
The orc priest mumbles some strange prayers to Beogh against you.
Pain shoots through your body!
You feel less confused.
An orc comes into view. It is wielding a +0 vampiric dagger.
You hit the orc wizard.
The orc wizard is heavily wounded.
The orc wizard misses you.
The orc wizard points at you and mumbles some strange words.
You are confused.
You barely miss the orc wizard.
The orc wizard is heavily wounded.
The orc wizard hits you with a +1 dagger of electrocution.
You are electrocuted!
Ouch! That really hurt!
* * * LOW HITPOINT WARNING * * *
The orc wizard closely misses you.
An orc comes into view. It is wielding a +0 hand axe.
An orc comes into view. It is wielding a +0 short sword.
The orc wizard hits you with a +1 dagger of electrocution.
* * * LOW HITPOINT WARNING * * *
You barely miss the orc wizard.
The orc wizard is heavily wounded.
The orc shouts!
You hear an angry hiss.
You hear a shout!
The orc wizard hits you but does no damage.
The orc wizard casts a spell at you. You resist with significant effort.
The orc priest misses you.
You bump into the rock wall.
You feel less confused.
The orc wizard hits you with a +0 dagger.
You die...

∆ ##.. .o. #... .[
∆ ∆ #..#... ####
#.o#.. ...###
#.... .....# ##.o#
.....# #.oo#
.....# ####.o@#
##.###### #......#
#......# #.###..#
#######.###.#...>#
...............<##
#######.##..#.###
.#...<#.##..#.#
........##.##.#
.......###....#


You could see an orc priest, 2 orc wizards and 2 orcs.

Vanquished Creatures (others)
  A fungus (D:5)
1 creature vanquished.

Notes
Turn   | Place    | Note
-------+----------+-------------------------------------------
     0 | D:5      | Reached skill level 9 in Stealth
     0 | D:5      | Redcow54321 the Gnoll Delver began the quest for the Orb.
     0 | D:5      | Reached XP level 1. HP: 23/23 MP: 1/1
    78 | D:5      | Noticed an orc wizard
    78 | D:5      | Noticed an orc wizard
    82 | D:5      | Noticed an orc priest
    92 | D:5      | HP: 1/23 [orc wizard (1)]
    94 | D:5      | Slain by an orc wizard

Illustrated notes

Levels and vault maps discovered:
D:5:      old_forge, layout_basic, gup_sewer_entry_glass

Skill      XL: | |
---------------+-+-----
Stealth        | |  9.5
Fighting       | |  6.4
Long Blades    | |  4.4
Dodging        | |  4.4

Action                   || total
-------------------------++-------
Melee: Falchion          ||     4
Armor: Leather armour    ||     1
Dodge: Dodged            ||     4

Table legend: (Time is in decaauts)
 A = Elapsed time spent in this place.
 B = Non-inter-level travel time spent in this place.
 C = Inter-level travel time spent in this place.
 D = Time resting spent in this place.
 E = Time spent auto-exploring this place.
 F = Levels seen in this place.
 G = Mean time per level.
                   A        B        C        D        E       F      G
               +--------+--------+--------+--------+--------+-----+--------+
         Total |     94 |     91 |      3 |      0 |     73 |   1 |   94.0 |
       Dungeon |     94 |     91 |      3 |      0 |     73 |   1 |   94.0 |
               +--------+--------+--------+--------+--------+-----+--------+

Top non-repeatable levels by time:
     D:5: 94 daAuts
